 Dungeon Crawl Stone Soup version 0.26.1-11-gd32895ea62 (webtiles) character file.

Game seed: 13631320439995846838

8094 bnorton916 the Fighter (level 11, -3/92 HPs)
             Began as a Formicid Fighter on June 11, 2021.
             Was a Believer of Qazlal.
             Slain by a white ugly thing (30 damage)
             ... on level 9 of the Dungeon.
             The game lasted 00:25:58 (13725 turns).

bnorton916 the Fighter (Formicid Fighter)          Turns: 13725, Time: 00:26:00

Health: -3/92      AC: 10    Str: 24    XL:     11   Next: 49%
Magic:  15/15      EV: 10    Int:  7    God:    Qazlal [**....]
Gold:   399        SH: 15    Dex: 17    Spells: 10/10 levels left

rFire    . . .     SeeInvis +   v - +3 hand axe (flame)
rCold    . . .     Faith    .   c - +0 kite shield
rNeg     . . .     Spirit   .   H - +0 swamp dragon scales
rPois    +         Reflect  .   (helmet unavailable)
rElec    .         Harm     .   i - +0 cloak
rCorr    .         Rampage  .   (no gloves)
Will     +....                  (no boots)
Stlth    +.........             p - amulet of the acrobat
HPRegen  0.25/turn              q - +6 ring of dexterity
MPRegen  0.14/turn              (no ring)

@: no status effects
A: permanent stasis, dig shafts and tunnels, four strong arms, antennae 3
a: Dig, Shaft Self, Renounce Religion, Upheaval


You were on level 9 of the Dungeon.
You worshipped Qazlal.
Qazlal was pleased with you.
You visited 2 branches of the dungeon, and saw 11 of its levels.

You collected 883 gold pieces.
You spent 484 gold pieces at shops.

Inventory:

Hand Weapons
 v - a +3 hand axe of flaming (weapon)
 A - a +1 spear of freezing
 G - a +0 broad axe
Missiles
 e - 6 boomerangs of dispersal
 n - 28 poisoned darts
 F - 16 javelins
Armour
 c - a +0 kite shield (worn)
 i - a +0 cloak (worn)
 w - a +2 ring mail of cold resistance
 H - +0 swamp dragon scales (worn)
Jewellery
 p - an amulet of the acrobat (around neck)
 q - a +6 ring of dexterity (left hand)
Wands
 u - a wand of acid (15)
 D - a wand of flame (10)
Scrolls
 d - 3 scrolls of enchant weapon
 f - 2 scrolls of immolation
 g - 2 scrolls of amnesia
 h - 2 scrolls of enchant armour
 l - 2 scrolls of identify
 m - 3 scrolls of fog
 r - 2 scrolls of remove curse
 s - a scroll of magic mapping
 K - a scroll of vulnerability
Potions
 k - 3 potions of curing
 o - a potion of cancellation
 t - a potion of resistance
 x - 2 potions of lignification
 z - a potion of magic
 C - a potion of flight
 E - a potion of invisibility
 I - 2 potions of heal wounds
 J - a potion of might
 M - a potion of attraction
Miscellaneous
 L - a condenser vane


   Skills:
 + Level 10.9 Fighting
 + Level 9.9 Axes
 - Level 7.1 Armour
 - Level 9.0 Shields
 + Level 6.4 Invocations


You had 10 spell levels left.
You didn't know any spells.
Your spell library contained the following spells:

 Spells                   Type           Power        Failure   Level
 Animate Skeleton         Necr           0%           56%         1
 Apportation              Tloc           0%           56%         1
 Corona                   Hex            0%           56%         1
 Summon Small Mammal      Summ           0%           56%         1
 Ensorcelled Hibernation  Hex/Ice        0%           71%         2
 Confusing Touch          Hex            0%           90%         3
 Dazzling Flash           Conj/Hex       0%           90%         3
 Tukima's Dance           Hex            0%           90%         3


Dungeon Overview and Level Annotations

Branches:
Dungeon (10/15)            Temple (1/1) D:5
   Lair: D:8-11         Orc: D:9-12

Altars:
Ashenzari
Cheibriados
Dithmenos
Elyvilon
Fedhas
Gozag
Hepliaklqana
Kikubaaqudgha
Makhleb
Nemelex Xobeh
Okawaru
Qazlal
Ru
Sif Muna
Trog
Uskayaw
Vehumet
Wu Jian
Xom
Yredelemnul
Zin
The Shining One

Shops:
D:5 [(!   D:8 *([}!

Annotations:
D:8 Maurice


Innate Abilities, Weirdness & Mutations

You cannot be hasted, slowed, berserked, paralysed or teleported.
You can dig through walls and to a lower floor.
Your four strong arms can wield two-handed weapons with a shield.
You have a pair of large antennae on your head. (SInv)


Message History

You hit the white ugly thing but do no damage.
The white ugly thing is lightly wounded.
You barely miss the white ugly thing.
The white ugly thing is lightly wounded.
You block the white ugly thing's attack.
You closely miss the white ugly thing.
The white ugly thing is lightly wounded.
The white ugly thing is engulfed in freezing vapours.
You block the white ugly thing's attack.
You hit the white ugly thing. You burn the white ugly thing.
The white ugly thing is lightly wounded.
The white ugly thing is engulfed in freezing vapours.
The white ugly thing headbutts you. The white ugly thing freezes you!
You barely miss the white ugly thing.
The white ugly thing is moderately wounded.
The white ugly thing is engulfed in freezing vapours.
The white ugly thing headbutts you.
* * * LOW HITPOINT WARNING * * *
The white ugly thing freezes you!!
You die...

#........<รท.###.#.#**,*,*****
#...........# #.#.#,,,*,,,*,,
#..........## #.#.#,*****,*,,
#......<.).# #.#..,*,,,,,*,,
#..........# #.###**'*******
#..........# *#...,,,,,,,,* *
#..........###..#**,,,,*,,***
#...........##.#*###,.,,,,**,
###########.@u.##.....,,,,*,,
##....#.#.,,,,,,',, ########
#........,,,,,,*,,
#......###.>...###*,,,,,**,
#...^<.##.....######*,,,***
#...........(.....D.,,,,* *
#......###...#######**,,***
#......###.(.#.## *,,**,
#......#)#>...#.# *,,*,,


You could see a white ugly thing.

Vanquished Creatures
  2 centaur warriors (D:9)
  A two-headed ogre (D:9)
  Maggie (D:8)
  A wyvern (D:9)
  2 yaks (D:7)
  Menkaure (D:7)
  2 acid dragons (D:9)
  6 orc warriors
  An ice beast (D:6)
  A black bear (D:8)
  An eye of draining (D:9)
  4 phantoms
  2 ogres
  7 centaurs
  A big kobold (D:8)
  6 bullfrogs
  3 scorpions
  A water moccasin skeleton (D:7)
  7 killer bees
  8 wights
  A howler monkey (D:8)
  2 bullfrog zombies
  A centaur zombie (D:8)
  A quasit (D:8)
  A gnoll shaman (D:7)
  A hound (shapeshifter) (D:9)
  8 orc priests
  2 jellies
  A centaur skeleton (D:9)
  6 hounds
  10 orc wizards
  Terence (D:2)
  4 iguanas
  14 worker ants
  A worker ant zombie (D:5)
  A howler monkey skeleton (D:4)
  8 gnolls
  18 adders
  3 shadow imps
  A white imp (D:7)
  2 ufetubi (D:9)
  2 oozes (D:6)
  An adder zombie (D:8)
  2 adder skeletons
  4 worms
  5 dart slugs
  5 leopard geckos
  31 orcs
  5 bats
  6 giant cockroaches
  12 goblins
  11 hobgoblins
  11 jackals
  14 kobolds
  2 quokkas
  2 ball pythons
  A ball python skeleton (D:4)
  4 frilled lizards
  A jackal skeleton (D:5)
  A quokka skeleton (D:4)
  2 rats
267 creatures vanquished.

Notes
Turn   | Place    | Note
-------+----------+-------------------------------------------
     0 | D:1      | bnorton916 the Formicid Fighter began the quest for the
                  | Orb.
     0 | D:1      | Reached XP level 1. HP: 18/18 MP: 1/1
   104 | D:1      | Reached XP level 2. HP: 19/24 MP: 2/2
   320 | D:1      | Found a snail-covered altar of Cheibriados.
   387 | D:1      | Reached XP level 3. HP: 27/29 MP: 3/3
   916 | D:2      | Noticed Terence
   930 | D:2      | HP: 1/30 [Terence/+0 hand axe (6)]
   935 | D:2      | Killed Terence
   936 | D:2      | Reached XP level 4. HP: 3/37 MP: 4/4
  1552 | D:2      | Reached skill level 4 in Fighting
  1567 | D:2      | Reached XP level 5. HP: 19/42 MP: 5/5
  2384 | D:2      | Reached XP level 6. HP: 45/49 MP: 6/6
  2630 | D:3      | Found a faded altar of an unknown god.
  2735 | D:3      | Reached skill level 5 in Shields
  3785 | D:3      | Reached XP level 7. HP: 34/55 MP: 7/7
  3956 | D:4      | Reached skill level 5 in Fighting
  3956 | D:4      | Reached skill level 5 in Armour
  4830 | D:4      | Reached XP level 8. HP: 55/63 MP: 8/8
  4912 | D:4      | Found a burning altar of Makhleb.
  5020 | D:4      | Found a sacrificial altar of Ru.
  5031 | D:4      | You fall into a shaft and drop 3 floors!
  5147 | D:6      | Reached skill level 6 in Fighting
  5147 | D:6      | Reached skill level 5 in Axes
  5794 | D:6      | Reached XP level 9. HP: 26/71 MP: 9/9
  6008 | D:5      | Entered Level 5 of the Dungeon
  6376 | D:5      | Found Emaycem's Weapon Boutique.
  6381 | D:5      | Bought a +1 spear of freezing for 148 gold pieces
  6595 | D:5      | Found a shimmering altar of Xom.
  6713 | D:5      | Reached skill level 7 in Fighting
  6847 | D:5      | Found Cott's Distillery.
  6858 | D:5      | Bought a potion of flight for 42 gold pieces
  6858 | D:5      | Bought a potion of heal wounds for 70 gold pieces
  6858 | D:5      | Bought a potion of lignification for 42 gold pieces
  6986 | D:5      | Found a staircase to the Ecumenical Temple.
  6992 | Temple   | Entered the Ecumenical Temple
  7054 | Temple   | Became a worshipper of Qazlal Stormbringer
  7375 | D:5      | Found Voetox's Antique Armour Boutique.
  8612 | D:6      | Reached skill level 8 in Fighting
  8889 | D:7      | Reached XP level 10. HP: 80/80 MP: 10/10
  9062 | D:7      | Reached * piety under Qazlal
  9574 | D:7      | Noticed Menkaure
  9578 | D:7      | Killed Menkaure
  9954 | D:7      | Reached skill level 9 in Fighting
 10336 | D:8      | Reached skill level 1 in Invocations
 10560 | D:8      | Found a sparkling altar of Nemelex Xobeh.
 10563 | D:8      | Found a snail-covered altar of Cheibriados.
 10564 | D:8      | Found an opulent altar of Gozag.
 10569 | D:8      | Found a hazy altar of Hepliaklqana.
 10570 | D:8      | Found a glowing silver altar of Zin.
 10571 | D:8      | Found a radiant altar of Vehumet.
 10572 | D:8      | Found a shadowy altar of Dithmenos.
 10652 | D:8      | Found Atoumor's Antique Weapon Boutique.
 10679 | D:8      | Noticed Maggie
 10703 | D:8      | Killed Maggie
 11160 | D:8      | Found Beesuyg's Distillery.
 11203 | D:8      | Found Toacek's Armour Shoppe.
 11205 | D:8      | Bought a potion of heal wounds for 65 gold pieces
 11205 | D:8      | Bought a potion of heal wounds for 65 gold pieces
 11205 | D:8      | Bought a potion of might for 52 gold pieces
 11453 | D:8      | Found Siaq's General Store.
 11570 | D:8      | Found Ylusenust's Gadget Emporium.
 11837 | D:9      | Noticed a two-headed ogre
 11852 | D:9      | Killed a two-headed ogre
 11853 | D:9      | Reached skill level 10 in Fighting
 11853 | D:9      | Reached XP level 11. HP: 23/90 MP: 12/14
 12147 | D:9      | Reached ** piety under Qazlal
 12227 | D:9      | Reached skill level 5 in Invocations
 12344 | D:9      | Noticed Maurice
 12356 | D:8      | You fall into a shaft and drop 2 floors!
 12356 | D:10     | Entered Level 10 of the Dungeon
 12729 | D:9      | Noticed a centaur warrior
 12754 | D:9      | Killed a centaur warrior
 13427 | D:9      | Noticed a centaur warrior
 13662 | D:9      | Killed a centaur warrior
 13715 | D:9      | Noticed a white ugly thing
 13725 | D:9      | Slain by a white ugly thing

Illustrated notes

Levels and vault maps discovered:
D:1:      ncdulo_smallfort, layout_basic, cheibriados_altar_1
D:2:      layout_loops_cross, uniq_terence
D:3:      layout_loops_ring, chequers_ecumenical_altar_simple
D:4:      layout_gridville, makhleb_blood_cavern_becter,
          nicolae_ru_path_of_blood
D:5:      layout_layer_cave, minmay_temple_entry_fiery, serial_shops,
          kennysheep_mini, nicolae_shop_competitors_out_of_business, shop,
          lemuel_tele_altar
D:6:      minmay_opposing_rooms, layout_basic
D:7:      kennysheep_windowed_halls, layout_layer_cave, uniq_menkaure
D:8:      layout_loops_corners, minitemple, serial_shops, shop,
          nicolae_shop_behind_doors, shop, nicolae_shop_waterfront, shop,
          uniq_maggie
D:9:      minmay_the_grid_net [minmay_the_grid_paths, minmay_the_grid_rooms,
          minmay_the_grid_dragon_b, minmay_the_grid_holed_spiral,
          minmay_the_grid_outer_diamond, minmay_the_grid_prize_big_room],
          layout_rooms, uniq_maurice
D:10:     layout_basic, erik_lair_dragon, ebering_ghost_funeral_grove
Temple:   eino_temple_lava

Skill      XL: |  1  2  3  4  5  6  7  8  9 10 11 |
---------------+----------------------------------+-----
Shields        | 4 5 6 7 8 9 |  9.0
Armour         | 4 5 6 7 |  7.1
Fighting       | 4 5 6 8 10 | 10.9
Axes           | 3 4 5 7 9 |  9.9
Invocations    | 4 6 |  6.4

Action                   |  1- 3 |  4- 6 |  7- 9 | 10-12 || total
-------------------------+-------+-------+-------+-------++-------
Melee: War axe           |    80 |   293 |   223 |       ||   596
       Hand axe          |       |       |   165 |   379 ||   544
       Spear             |       |       |    25 |       ||    25
 Abil: Dig               |     1 |     7 |     6 |     6 ||    20
       Shaft Self        |       |       |       |     1 ||     1
  Use: Potion            |     1 |     1 |     2 |       ||     4
       Scroll            |       |       |     6 |     9 ||    15
Armor: Scale mail        |    43 |   109 |    48 |       ||   200
       Ring mail         |       |       |    30 |    49 ||    79
       Swamp dragon scal |       |       |       |    33 ||    33
Dodge: Dodged            |    39 |   108 |   118 |   120 ||   385
Block: Kite shield       |    43 |   145 |   218 |   268 ||   674
